 Dungeon Crawl Stone Soup version 0.17.0-28-g6e173f8 (webtiles) character file.

82 shane the Skirmisher (level 4, 0/40 HPs)
             Began as a Centaur Fighter on Nov 29, 2015.
             Slain by a jackal (1 damage)
             ... on level 2 of the Dungeon.
             The game lasted 00:06:39 (1546 turns).

shane the Skirmisher (Centaur Fighter)              Turns: 1546, Time: 00:06:39

Health: 0/40       AC:  6    Str: 23    XL:     4   Next: 21%
Magic:  4/4        EV:  5    Int:  7    God:
Gold:   110        SH:  9    Dex:  9    Spells: 0 memorised, 3 levels left

rFire  . . .     SeeInvis .     h - +0 whip (curse)
rCold  . . .     Clarity  .     b - +0 scale mail
rNeg   . . .     SustAt   .     c - +0 shield
rPois  .         Gourm    .     (no helmet)
rElec  .         Spirit   .     (no cloak)
rCorr  .         Warding  .     (no gloves)
rMut   .         Stasis   .     (no barding)
MR     .....                    (no amulet)
Stlth  ..........               (no ring)
                                l - +4 ring of strength

@: lethally poisoned (0 -> -10), very quick, not resistant to hostile
enchantments, extremely unstealthy
A: hooves 3, deformed body, speed 2, tough skin 3
a: no special abilities


You were on level 2 of the Dungeon.
You were near starving.

You visited 1 branch of the dungeon, and saw 2 of its levels.

You collected 110 gold pieces.

Inventory:

Hand Weapons
 a - a +0 flail
 h - a cursed +0 whip (weapon)
Missiles
 g - 15 poisoned needles
Armour
 b - a +0 scale mail (worn)
 c - a +0 shield (worn)
Jewellery
 l - a +4 ring of strength (left hand)
Wands
 m - a wand of magic darts (27)
Scrolls
 j - 3 scrolls of fear {unknown}
 n - a scroll of immolation {unknown}
 o - a scroll of magic mapping {unknown}
 q - a scroll of recharging {unknown}
 r - a scroll of identify {unknown}
Potions
 d - a potion of might
 i - a potion of cure mutation
Comestibles
 e - a bread ration
 k - a slice of pizza
 p - 3 beef jerkies


   Skills:
 + Level 3.7 Fighting
 + Level 2.0 Maces & Flails
 + Level 2.5 Armour
 + Level 0.4 Dodging
 + Level 2.8 Shields


You had 3 spell levels left.
You didn't know any spells.

Dungeon Overview and Level Annotations

Branches:
Dungeon (2/15)

Altars:


Innate Abilities, Weirdness & Mutations

You have hooves in place of feet.
Armour fits poorly on your strangely shaped body.
You cover ground very quickly.
You have extremely tough skin (AC +3).


Message History

* * * LOW HITPOINT WARNING * * *
You feel sick.
The jackal bites you but does no damage.
The jackal barely misses you.
The jackal bites you but does no damage.
The jackal barely misses you.
You closely miss the jackal.
* * * LOW HITPOINT WARNING * * *
You feel sick.
The jackal bites you but does no damage.
The jackal bites you.
* * * LOW HITPOINT WARNING * * *
The jackal bites you but does no damage. x2
* * * LOW HITPOINT WARNING * * *
You feel sick. You block the jackal's attack. You block the jackal's attack.
* * * LOW HITPOINT WARNING * * *
You feel sick. You block the jackal's attack.
* * * LOW HITPOINT WARNING * * *
You feel sick. The jackal bites you.
You die...

#...?. ..#.###..).# ##...
##....<#...........## #...
#..........######..)####.#
#.......#.# ##...)(#...
#...... #.# ####......(.(#
##.....##.###....#........
#..?..†.h.....##...####..#
#.......h.# # #.######..#
#.......h@######.# #.....
....$..##.#......# #.....
###....##...###### #...).
..........## #######.....
######.#...####...........
#.##.........###.....
#..##..#..####.......
#..>....####..##...#
###....†.....###.#.#


You could see 3 jackals.

Vanquished Creatures
  4 adders (D:2)
  An ooze (D:1)
  A ball python (D:1)
  2 giant cockroaches (D:2)
  5 goblins
  3 hobgoblins (D:1)
  6 jackals
  A quokka (D:2)
  3 bats
  3 giant newts (D:1)
  9 kobolds
  5 rats
43 creatures vanquished.

Notes
Turn   | Place    | Note
--------------------------------------------------------------
     0 | D:1      | shane the Centaur Fighter began the quest for the Orb.
     0 | D:1      | Reached XP level 1. HP: 19/19 MP: 1/1
    78 | D:1      | Reached XP level 2. HP: 17/26 MP: 2/2
   587 | D:2      | Reached XP level 3. HP: 11/31 MP: 3/3
  1425 | D:2      | Reached XP level 4. HP: 29/40 MP: 4/4
  1544 | D:2      | HP: 2/40 [poison (a potion of poison)]
  1546 | D:2      | Slain by a jackal

Action                   |  1- 3 |  4- 6 || total
-------------------------+-------+-------++-------
Melee: Flail             |    30 |       ||    30
       Whip              |   112 |    22 ||   134
Evoke: Wand              |       |     1 ||     1
  Use: Potion            |     2 |     1 ||     3
